 Dungeon Crawl Stone Soup version 0.19-a0-1932-g59670f6 (webtiles) character file.

797 witty the Ducker (level 8, -3/52 HPs)
             Began as a Kobold Hunter on Oct 26, 2016.
             Was an Elder of Jiyva.
             Slain by an unseen horror (11 damage)
             ... on level 7 of the Dungeon.
             The game lasted 00:13:21 (5173 turns).

witty the Ducker (Kobold Hunter)                    Turns: 5173, Time: 00:13:22

Health: -3/52      AC:  4    Str:  9      XL:     8   Next: 13%
Magic:  6/8        EV: 19    Int: 11 (12) God:    Jiyva [****..]
Gold:   168        SH:  0    Dex: 15 (16) Spells: 0 memorised, 7 levels left

rFire  + . .     SeeInvis .     b - +0 short sword
rCold  x . .     Gourm    .     j - +1 robe "Diolent" {Regen+ Str-2 Stlth+}
rNeg   . . .     Faith    .     (shield restricted)
rPois  .         Spirit   .     (no helmet)
rElec  .         Reflect  .     p - +0 cloak
rCorr  +         Harm     .     (no gloves)
MR     .....                    (no boots)
Stlth  +++.......               m - amulet of regeneration {+regen, !d}
                                t - ring of fire {rF+, rC-}
                                x - ring of wizardry {Wiz+, !d}

@: no status effects
A: carnivore 3, eyeballs 1
a: Request Jelly, Slimify, Renounce Religion


You were on level 7 of the Dungeon.
You worshipped Jiyva.
Jiyva was greatly pleased with you.
You were completely stuffed.

You visited 1 branch of the dungeon, and saw 7 of its levels.

You collected 168 gold pieces.

Inventory:

Hand Weapons
 a - a +1 hand crossbow
 b - a +0 short sword (weapon)
Armour
 c - a +0 leather armour
 j - the +1 robe "Diolent" (worn) {Regen+ Str-2 Stlth+}
   (You found it on level 5 of the Dungeon)

   It affects your strength (-2).
   It increases your rate of regeneration.
   It makes you more stealthy.
 p - a +0 cloak (worn)
   (You found it on level 2 of the Dungeon)
Jewellery
 m - an amulet of regeneration (around neck) {+regen, !d}
   (You found it on level 2 of the Dungeon)
 t - a ring of fire (right hand) {rF+, rC-}
   (You found it on level 3 of the Dungeon)
 x - a ring of wizardry (left hand) {Wiz+, !d}
   (You found it on level 3 of the Dungeon)
Scrolls
 d - a scroll of enchant weapon {unknown}
 h - 5 scrolls of identify
 i - 4 scrolls of fear {unknown}
 l - 3 scrolls of blinking {unknown}
 n - 2 scrolls of teleportation
 q - a scroll of magic mapping {unknown}
 r - 2 scrolls of noise {unknown}
 s - 2 scrolls of recharging {unknown}
 v - a scroll of enchant armour {unknown}
Potions
 g - a potion of cancellation
 k - a potion of lignification {!q}
 o - a potion of degeneration {!q}
 A - a potion of haste
Comestibles
 f - 5 meat rations {@e2}
 w - a beef jerky
 z - a royal jelly


   Skills:
 - Level 6.3 Fighting
 + Level 5.3 Short Blades
 - Level 4.8 Crossbows
 + Level 6.4 Dodging
 - Level 1.3 Stealth


You had 7 spell levels left.
You didn't know any spells.

Dungeon Overview and Level Annotations

Branches:
Dungeon (7/15)             Temple (0/1) D:6

Altars:
Qazlal
Jiyva

Annotations:
D:5 witty's ghost, novice KoHu


Innate Abilities, Weirdness & Mutations

You are small and have problems with some larger weapons.
You are carnivorous and can eat meat at any time.
Your body has grown golden eyes which may confuse attackers. (Acc +3)


Message History

You can no longer turn your foes to slime.
You now have 5/8 mp.
Okay, then.
Keep disrobing? [Y]es or [N]o only, please.
Keep disrobing?
You start removing your armour.
You continue taking off your +0 leather armour. x2
The orc priest invokes the aid of Beogh against you.
You struggle to resist.
You continue taking off your +0 leather armour.
The ogre hits you with a giant club!
You continue taking off your +0 leather armour.
The orc priest barely misses you.
All of the chunks of flesh in your inventory have rotted away.
You finish taking off your +0 leather armour.
You take 4 damage, and have 19/52 hp.
The ogre hits the jelly with a giant club!!
The ogre is burned by acid!
The orc priest hits the jelly with a falchion!
The orc priest is burned by acid!
The jelly hits the ogre.
The ogre is splashed with acid.
The ogre hits the jelly with a giant club!
The ogre is burned by acid!
The jelly barely misses the ogre.
The orc priest misses you.
The jelly hits the ogre.
The ogre is splashed with acid.
The acid corrodes the ogre!
The ogre dies!
The jelly looks stronger.
You hit the orc priest but do no damage.
The orc priest begins to cast a cantrip, but forgets the words!
You closely miss the orc priest.
You hear a slurping noise.
You can now turn your foes to slime.
Jiyva appreciates your sacrifice.
You feel a little less hungry.
You hit the orc priest. The orc priest completely misses you.
You hit the orc priest.
The orc priest invokes the aid of Beogh against you.
Beogh smites you!
* * * LOW HITPOINT WARNING * * *
You take 14 damage, and have 8/52 hp.
MASSIVE DAMAGE!!
You feel much better.
The jelly hits the orc priest.
The orc priest is splashed with acid.
The acid corrodes the orc priest!
The orc priest completely misses you.
The jelly hits the orc priest.
The orc priest is splashed with acid.
The acid corrodes the orc priest!
The orc priest dies!
You regained 22 hp, and now have 30/52 hp.
You see here a falchion.
You swap places.
You see here a falchion.
You start resting.
Health restored: 52; MP restored: 8
Okay, then.
You start putting on your armour.
You continue putting on your dull robe. x4
You finish putting on the +1 robe "Diolent" {Regen+ Str-2 Stlth+}.
Unknown command.
You swap places.
You hear a slurping noise.
You feel a little less hungry.
There is an open door here.
There is a stone staircase leading down here.
You climb downwards.
An ice beast and a crimson imp come into view.
Found a robe.
Found a stone staircase leading down.
There is a stone staircase leading up here.
You climb upwards.
There is a stone staircase leading down here.
There is a staircase to the Ecumenical Temple here.
There is a stone staircase leading down here.
You climb downwards.
A phantom comes into view.
There is a stone staircase leading up here.
The helpless phantom fails to defend itself.
You puncture the phantom! The phantom hits you!
You take 9 damage, and have 43/52 hp.
You closely miss the phantom. The phantom hits you.
You take 1 damage, and have 42/52 hp.
You hit the phantom. The phantom hits you!
You take 9 damage, and have 33/52 hp.
You barely miss the phantom. You hit the phantom.
The phantom blinks!
Something hits you.
Deactivating autopickup; reactivate with Ctrl-A.
You take 2 damage, and have 32/52 hp.
You hit something but do no damage. Something hits you!
The phantom blinks!
You take 6 damage, and have 26/52 hp.
You are too injured to fight recklessly!
Something hits you.
You take 1 damage, and have 25/52 hp.
You now have 6/8 mp.
Something hits you.
You take 2 damage, and have 23/52 hp.
Something hits you. Something hits you!
* * * LOW HITPOINT WARNING * * *
The phantom completely misses you.
You take 9 damage, and have 14/52 hp.
Something hits you!
* * * LOW HITPOINT WARNING * * *
You take 7 damage, and have 7/52 hp.
Something hits you!
You die...

..... ## ....
... #..# ....
####..##$....
###....J...#
........####
..##.##W.# ..
##{# ## #@#
#$# #.# # ..#
# ..# # #..#
# #..# ##
##.. ..


You could see a phantom and a neutral jelly (fellow slime).

Vanquished Creatures
  Sigmund (D:3)
  An ogre (D:6)
  A centaur (D:5)
  A bullfrog (D:6)
  A scorpion (D:4)
  2 crimson imps (D:6)
  An orc priest (D:4)
  Jessica (D:2)
  Natasha (thrice) (D:2)
  An orc wizard (D:5)
  4 worker ants
  A killer bee zombie (D:4)
  8 adders
  An adder skeleton (D:5)
  A worm (D:2)
  4 dart slugs
  3 leopard geckos
  12 orcs
  3 giant cockroaches
  4 goblins
  3 hobgoblins
  12 jackals
  A ball python (D:1)
  9 bats
  2 frilled lizards
  5 kobolds
  A quokka zombie (D:5)
  7 rats
94 creatures vanquished.

Vanquished Creatures (others)
  A phantom (D:5)
  A necrophage (D:5)
  An ogre (D:6)
  A bullfrog zombie (D:6)
  16 jellies
  3 orc priests (D:6)
  3 orc wizards
  2 worker ants (D:4)
  A hound skeleton (D:6)
  A howler monkey zombie (D:5)
  2 worker ant zombies (D:5)
  An adder zombie (D:5)
  A leopard gecko (D:5)
  10 orcs
  A quokka (D:6)
  A frilled lizard (D:5)
  5 toadstools (D:1)
51 creatures vanquished.

Grand Total: 145 creatures vanquished

Notes
Turn   | Place    | Note
-------+----------+-------------------------------------------
     0 | D:1      | witty the Kobold Hunter began the quest for the Orb.
     0 | D:1      | Reached XP level 1. HP: 12/12 MP: 1/1
    62 | D:1      | Reached skill level 1 in Short Blades
    71 | D:1      | HP: 3/13 [dart slug/slug dart (4)]
    74 | D:1      | Reached XP level 2. HP: 4/18 MP: 2/2
   874 | D:1      | Reached skill level 2 in Short Blades
  1169 | D:1      | Reached XP level 3. HP: 22/22 MP: 3/3
  1212 | D:1      | Reached skill level 3 in Fighting
  1444 | D:2      | Noticed Natasha
  1453 | D:2      | Killed Natasha
  1453 | D:2      | Reached skill level 3 in Short Blades
  1453 | D:2      | Reached XP level 4. HP: 16/28 MP: 4/4
  1608 | D:2      | Noticed Jessica
  1610 | D:2      | Killed Jessica
  1775 | D:2      | Reached XP level 5. HP: 33/33 MP: 5/5
  1903 | D:2      | Reached skill level 4 in Short Blades
  1920 | D:2      | Reached skill level 4 in Fighting
  1935 | D:2      | Noticed Natasha
  1938 | D:2      | Killed Natasha
  1988 | D:2      | Noticed Natasha
  1993 | D:2      | Killed Natasha
  1993 | D:2      | Reached skill level 3 in Dodging
  2350 | D:3      | Reached XP level 6. HP: 38/39 MP: 6/6
  2429 | D:3      | Found a faded altar of an unknown god.
  2455 | D:3      | Became a worshipper of Jiyva Juiluo the Shapeless
  2455 | D:3      | Reached * piety under Jiyva
  2540 | D:3      | Noticed Sigmund
  2557 | D:3      | Killed Sigmund
  2557 | D:3      | Reached skill level 5 in Fighting
  3045 | D:4      | Reached skill level 4 in Dodging
  3105 | D:4      | Reached ** piety under Jiyva
  3211 | D:4      | Reached XP level 7. HP: 45/45 MP: 7/7
  3395 | D:5      | Entered Level 5 of the Dungeon
  3407 | D:5      | Reached *** piety under Jiyva
  3433 | D:5      | Found a stormy altar of Qazlal.
  3442 | D:5      | Gained mutation: You have a small jelly attached to you that senses nearby items. [Jiyva's grace]
  3515 | D:5      | Reached skill level 6 in Fighting
  3515 | D:5      | Reached skill level 5 in Dodging
  3539 | D:5      | Noticed witty's ghost (novice KoHu)
  3665 | D:4      | Reached **** piety under Jiyva
  3754 | D:5      | Lost mutation: You have a small jelly attached to you that senses nearby items. [Jiyva's grace]
  3903 | D:5      | Got a dull robe
  4087 | D:5      | HP: 8/47 [witty's ghost (11)]
  4114 | D:5      | HP: 3/47 [witty's ghost (13)]
  4577 | D:6      | Gained mutation: Your body has grown golden eyes which may confuse attackers. (Acc +3) [Jiyva's grace]
  4612 | D:6      | Found a staircase to the Ecumenical Temple.
  4653 | D:6      | Reached skill level 6 in Dodging
  4749 | D:6      | Reached XP level 8. HP: 52/52 MP: 1/8
  4794 | D:6      | Reached skill level 5 in Short Blades
  4981 | D:6      | HP: 10/52 [orc priest/divine providence (12)]
  4999 | D:6      | HP: 3/52 [orc priest/divine providence (17)]
  5046 | D:6      | HP: 8/52 [orc priest/divine providence (14)]
  5091 | D:6      | Identified the +1 robe "Diolent" {Regen+ Str-2 Stlth+} (You found it on level 5 of the Dungeon)
  5172 | D:7      | HP: 7/52 [something (8)]
  5173 | D:7      | Slain by an unseen horror

Vault maps used:
D:1:      ldierk_walled_garden
D:2:      uniq_jessica, uniq_natasha
D:3:      ecumenical_altar_1, kennysheep_generic_room_16, uniq_sigmund
D:5:      first_bread, grunt_qazlal_sundering

Skill      XL: |  1  2  3  4  5  6  7  8 |
---------------+-------------------------+-----
Short Blades   | 1 2 3 4 5 |  5.3
Fighting       | 3 4 5 6 |  6.3
Dodging        | 3 4 6 |  6.4
Crossbows      | |  4.8
Stealth        | |  1.3

Action                   |  1- 3 |  4- 6 |  7- 9 || total
-------------------------+-------+-------+-------++-------
Melee: Short sword       |    65 |   163 |   270 ||   498
 Fire: Hand crossbow     |    24 |    52 |     4 ||    80
Invok: Request Jelly     |       |     1 |    12 ||    13
       Slimify           |       |       |     1 ||     1
  Use: Scroll            |     3 |       |       ||     3
       Potion            |       |       |    10 ||    10
 Stab: Sleeping          |     2 |     1 |     5 ||     8
       Distracted        |     1 |       |       ||     1
       Invisible         |       |       |     2 ||     2
  Eat: Chunk             |    10 |     5 |       ||    15
Armor: Leather armour    |    16 |    29 |    26 ||    71
       Skin              |       |       |    52 ||    52
Dodge: Dodged            |    71 |   162 |   199 ||   432

Vault maps used:
D:1:      ldierk_walled_garden
D:2:      uniq_jessica, uniq_natasha
D:3:      ecumenical_altar_1, kennysheep_generic_room_16, uniq_sigmund
D:5:      first_bread, grunt_qazlal_sundering

Table legend:
 A = Turns spent in this place as a percentage of turns spent in the entire game.
 B = Non-inter-level travel turns spent in this place as a percentage of non-inter-level travel turns spent in the entire game.
 C = Inter-level travel turns spent in this place as a percentage of turns spent in this place.
 D = Turns resting spent in this place as a percentage of non-inter-level travel turns spent in this place.
 E = Turns spent auto-exploring this place as a percentage of non-inter-level travel turns spent in this place.
 F = Non-inter-level travel turns spent in this place divided by the number of levels of this place that you've seen.
                   A       B       C       D       E      F
               +-------+-------+-------+-------+-------+----------------------
         Total | 100.0 | 100.0 |   0.6 |   2.3 |   6.7 | 267.4
       Dungeon | 100.0 | 100.0 |   0.6 |   2.3 |   6.7 | 267.4
               +-------+-------+-------+-------+-------+----------------------

Table legend:
 A = Kills in this place as a percentage of kills in entire the game.
 B = Kills by you in this place as a percentage of kills by you in the entire game.
 C = Kills by friends in this place as a percentage of kills by friends in the entire game.
 D = Other kills in this place as a percentage of other kills in the entire game.
 E = Experience gained in this place as a percentage of experience gained in the entire game.
 F = Experience gained in this place divided by the number of levels of this place that you have seen.
                   A       B       C       D       E      F
               +-------+-------+-------+-------+-------+----------------------
         Total | 100.0 | 100.0 |  -nan | 100.0 | 100.0 | 162.7
       Dungeon | 100.0 | 100.0 |  -nan | 100.0 | 100.0 | 162.7
               +-------+-------+-------+-------+-------+----------------------
